 Dungeon Crawl Stone Soup version 0.22-a0-565-gfc6459a524 (webtiles) character file.

347 Hercules1031 the Chopper (level 6, -5/56 HPs)
             Began as a Hill Orc Monk on June 28, 2018.
             Was a Believer of Beogh.
             Slain by a slave (8 damage)
             ... led by Pikel
             ... on level 4 of the Dungeon.
             The game lasted 00:11:48 (2446 turns).

Hercules1031 the Chopper (Hill Orc Monk)            Turns: 2446, Time: 00:11:48

Health: -5/56      AC: 15    Str: 19 (21) XL:     6   Next: 59%
Magic:  6/6        EV: 11    Int:  9 (10) God:    Beogh [**....]
Gold:   78         SH:  3    Dex: 12 (13) Spells: 5/5 levels left

rFire    + . .     SeeInvis .   B - +0 war axe
rCold    + . .     Gourm    .   y - +0 buckler
rNeg     . . .     Faith    .   g - +2 scale mail
rPois    +         Spirit   .   o - +1 helmet
rElec    +         Reflect  .   w - +0 cloak
rCorr    +         Harm     .   f - +2 pair of gloves
MR       .....                  (no boots)
Stlth    ..........             (no amulet)
HPRegen  0.18/turn              q - ring of flight
MPRegen  0.10/turn              r - +1 ring of evasion

@: mighty, resistant, hasted, very quick
A: no striking features
a: Smiting, Renounce Religion, Evoke Flight


You were on level 4 of the Dungeon.
You worshipped Beogh.
Beogh was pleased with you.
You were full.

You visited 1 branch of the dungeon, and saw 4 of its levels.

You collected 210 gold pieces.
You spent 132 gold pieces at shops.

Inventory:

Hand Weapons
 B - a +0 war axe (weapon)
Armour
 b - a +0 robe
 f - a +2 pair of gloves (worn)
 g - a +2 scale mail (worn)
 h - a +0 ring mail of cold resistance
 o - a +1 helmet (worn)
 w - a +0 cloak (worn)
 y - a +0 buckler (worn)
Jewellery
 q - a ring of flight (left hand)
 r - a +1 ring of evasion (right hand)
Wands
 x - a wand of random effects (25)
Scrolls
 a - a scroll of enchant armour
 d - 2 scrolls of teleportation
 l - 2 scrolls of remove curse
 m - 3 scrolls of magic mapping
 u - 2 scrolls of identify
 A - a scroll of fog
Potions
 e - 3 potions of mutation {unknown}
 i - a potion of flight {unknown}
 j - 2 potions of might
 k - a potion of heal wounds {unknown}
 n - a potion of degeneration
 p - a potion of brilliance {unknown}
 s - a potion of curing {unknown}
 t - a potion of agility {unknown}
 v - a potion of haste
Comestibles
 c - 2 rations


   Skills:
 + Level 5.2 Fighting
 + Level 5.8 Axes
 + Level 3.2 Armour
 + Level 3.5 Dodging
 - Level 1.5 Stealth
 * Level 0.6 Shields


You had 5 spell levels left.
You didn't know any spells.
Your spell library contained the following spells:

 Spells                   Type           Power        Failure   Level  Hunger
 Animate Dead             Necr           N/A          100%        4    #####..
 Pain                     Necr           #...         88%         1    ##.....
 Animate Skeleton         Necr           N/A          88%         1    ##.....
 Vampiric Draining        Necr           #.........   99%         3    ####...
 Regeneration             Chrm/Necr      #.........   99%         3    ####...


Dungeon Overview and Level Annotations

Branches:
Dungeon (4/15)             Temple (0/1) D:4

Altars:
Cheibriados

Shops:
D:4 ([[(

Annotations:
D:4 Pikel


Message History

Pikel hits you but does no damage. The slave barely misses you.
You closely miss Pikel.
Pikel is moderately wounded.
You hit the slave.
You hit the slave but do no damage. x2; You hit the slave.
The slave completely misses you. The slave hits you but does no damage.
Pikel closely misses you. The slave barely misses you.
The slave closely misses you.
You closely miss Pikel.
Pikel is moderately wounded.
Your shield and scale mail prevent you from hitting the slave.
You hit the slave. You closely miss the slave.
You hit the slave but do no damage. The slave hits you!
* * * LOW HITPOINT WARNING * * *
The slave hits you but does no damage. The slave closely misses you.
Pikel says, "You'll feel the lick of my whip!"
You block Pikel's attack.
It was a potion of might.
You feel very mighty all of a sudden.
The slave barely misses you. x2; The slave hits you!
You die...

..#......#,,,,,,*,,,,,,,*,,*,,*,,
..#......#,,,,,,*....,,,,,,*,,,,,
..###'####*,,,,,*....,,,,,,*,,*,,
..#......########...,,,,,,,,,.#,,
..#......#........#***#######.#,,
..#......#........#,,,,...>...,,,
..#......#...>....#,,,,,.....,***
..#......#.....ppK#,,,,,,...,,*
..#......#.....p@p#*######.#**###
..###'####.....######...##.####..
.........<.....#............))...
...............#............)....
...............#.................
...............######.#######....
..................###.##...##....
..................'..............
..................#..............


You could see Pikel and 4 slaves.

Vanquished Creatures
  Sigmund (D:3)
  Ijyb (D:3)
  3 adders
  2 oozes
  An adder skeleton (D:4)
  2 worms
  4 dart slugs
  4 leopard geckos
  12 orcs
  5 bats
  6 giant cockroaches
  8 goblins
  7 hobgoblins
  10 jackals
  A quokka (D:3)
  A ball python (D:4)
  4 frilled lizards
  8 kobolds
  21 rats
101 creatures vanquished.

Notes
Turn   | Place    | Note
-------+----------+-------------------------------------------
     0 | D:1      | Hercules1031 the Hill Orc Monk began the quest for the Orb.
     0 | D:1      | Reached XP level 1. HP: 19/19 MP: 1/1
   102 | D:1      | Reached XP level 2. HP: 17/27 MP: 2/2
   204 | D:1      | Reached skill level 1 in Armour
   223 | D:1      | Reached XP level 3. HP: 23/33 MP: 3/3
   539 | D:2      | Reached XP level 4. HP: 30/40 MP: 4/4
  1210 | D:3      | Noticed Sigmund
  1224 | D:3      | Killed Sigmund
  1224 | D:3      | Reached skill level 5 in Fighting
  1224 | D:3      | Reached skill level 5 in Axes
  1224 | D:3      | Reached XP level 5. HP: 34/48 MP: 5/5
  1224 | D:3      | Reached XP level 6. HP: 40/56 MP: 6/6
  1440 | D:3      | Found a snail-covered altar of Cheibriados.
  1495 | D:3      | Noticed Ijyb
  1547 | D:3      | Killed Ijyb
  1926 | D:4      | Found Ohui's Weapon Shop.
  1974 | D:4      | Became a worshipper of Beogh the Brigand
  1974 | D:4      | Reached * piety under Beogh
  1974 | D:4      | Reached ** piety under Beogh
  2012 | D:4      | Found Hyqorry's Armour Shop.
  2023 | D:4      | Bought a +0 cloak for 45 gold pieces
  2023 | D:4      | Bought a +0 buckler for 45 gold pieces
  2055 | D:4      | Found Huumoceacyx's Weapon Emporium.
  2064 | D:4      | Bought a +0 war axe for 42 gold pieces
  2115 | D:4      | Found a staircase to the Ecumenical Temple.
  2250 | D:4      | Found Laodd's Antique Armour Shoppe.
  2423 | D:4      | Noticed a slave
  2423 | D:4      | Noticed a slave
  2423 | D:4      | Noticed a slave
  2423 | D:4      | Noticed a slave
  2423 | D:4      | Noticed Pikel
  2446 | D:4      | Slain by a slave

Vault maps used:
D:1:      erik_arrival_orb_chamber, serial_forest, infiniplex_forest_end_3,
          infiniplex_forest_lined_room_2, infiniplex_forest_lined_2,
          infiniplex_forest_end_2, infiniplex_forest_lined_4_way,
          infiniplex_forest_lined_2, infiniplex_forest_lined_ring,
          infiniplex_forest_pool
D:3:      cheibrodos_old_hovel, kennysheep_slug_shrine, uniq_ijyb, uniq_sigmund
D:4:      minmay_temple_entry_butterflies, serial_shops, nicolae_shop_crystal,
          shop, nicolae_shop_waterfront, shop, minmay_misc_feat_columns,
          uniq_pikel

Skill      XL: |  1  2  3  4  5  6 |
---------------+-------------------+-----
Armour         | 1 2 3 |  3.2
Fighting       | 4 5 |  5.2
Dodging        | 3 |  3.5
Axes           | 5 |  5.8
Stealth        | |  1.5
Shields        | |  0.6

Action                   |  1- 3 |  4- 6 || total
-------------------------+-------+-------++-------
Melee: Hand axe          |   103 |   199 ||   302
       War axe           |       |    42 ||    42
Invok: Convert to Beogh  |       |     1 ||     1
  Use: Scroll            |     1 |    10 ||    11
       Potion            |       |     4 ||     4
 Stab: Sleeping          |     1 |       ||     1
  Eat: Ration            |       |     3 ||     3
Armor: Robe              |     5 |       ||     5
       Scale mail        |    58 |   137 ||   195
Dodge: Dodged            |   100 |   172 ||   272
Block: Buckler           |       |    18 ||    18

Table legend:
 A = Spawn XP
 B = Non-spawn XP
 C = Spawn XP percentage of total XP
 D = Spawn monster count
 E = Non-spawn monster count
 F = Spawn count percentage of total count
 G = Total turns spent on level
                    A         B        C        D         E        F      G
               +---------+---------+-------+---------+---------+-------+---------
         Total |       0 |     496 |   0.0 |       0 |     101 |   0.0 |  2446
               +---------+---------+-------+---------+---------+-------+---------
           D:1 |       0 |      63 |   0.0 |       0 |      38 |   0.0 |   525
           D:2 |       0 |      57 |   0.0 |       0 |      24 |   0.0 |   642
           D:3 |       0 |     316 |   0.0 |       0 |      25 |   0.0 |   695
           D:4 |       0 |      60 |   0.0 |       0 |      14 |   0.0 |   584
               +---------+---------+-------+---------+---------+-------+---------
